Map: Templo óseo EE

Players

Gokit

  • Race: Protoss Protoss
  • Spawn Location: 3:00

Asterisco

  • Race: Protoss Protoss
  • Spawn Location: 12:00

Mistica

  • Race: Zerg Zerg
  • Spawn Location: 1:00

MrFercho - Winner!

  • Race: Zerg Zerg
  • League: Gold
  • Spawn Location: 7:00

tigro - Winner!

  • Race: Terran Terran
  • League: Bronze
  • Spawn Location: 6:00

TATORREA - Winner!

  • Race: Protoss Protoss
  • League: Gold
  • Spawn Location: 7:00

VOD

Have the link to the VOD?

Description

Time

  • Played on: Aug. 7, 2020, 9:11 p.m.
  • Length: 17:15
Show
View Real Time Build Order
Export as new Build Order

Gokit Protoss 

Build Orders: Phoenix Opening 

Get SALT Encoding   

  12  0:01  Probe (Chrono Boost)  
  13  0:11  Probe (Chrono Boost)  
  14  0:20  Pylon  
  14  0:32  Assimilator  
  14  0:41  Gateway  
  14  1:01  Probe (Chrono Boost)  
  15  1:13  Probe (Chrono Boost)  
  16  1:20  Probe (Chrono Boost)  
  17  1:27  Probe  
  18  1:37  Zealot  
  18  1:39  Probe  
  21  1:40  Cybernetics Core  
  21  1:45  Assimilator  
  21  1:52  Probe  
  22  2:04  Probe  
  23  2:16  Pylon  
  23  2:28  Pylon  
  23  2:29  Stargate  
  23  2:48  Nexus  
  23  3:01  Adept  
  25  3:20  Phoenix  
  25  3:26  Probe (Chrono Boost)  
  28  3:31  Adept  
  30  3:36  Probe (Chrono Boost)  
  30  3:41  Probe (Chrono Boost)  
  31  3:45  Phoenix  
  34  3:56  Stargate  
  34  4:00  Probe (Chrono Boost)  
  35  4:12  Probe (Chrono Boost)  
  36  4:17  Probe (Chrono Boost)  
  36  4:22  Phoenix  
  39  4:42  Phoenix  
  39  4:43  Probe  
  42  4:46  Assimilator  
  42  4:47  Phoenix  
  44  4:55  Probe  
  45  5:08  Probe (Chrono Boost)  
  45  5:12  Assimilator  
  46  5:16  Nexus  
  46  5:18  Phoenix x2  
  46  5:20  Probe (Chrono Boost)  
  51  5:26  Probe (Chrono Boost)  
  52  5:34  Probe  
  53  5:46  Probe  
  54  6:28  Phoenix x2  
  58  6:35  Pylon  
  58  6:36  Pylon  
  58  6:37  Pylon  
  58  6:41  Robotics Facility  
  58  6:53  Phoenix x2  
  62  7:18  Phoenix x2  
  66  7:43  Phoenix x2  
  70  7:52  Observer  
  71  8:08  Phoenix x2  
  75  8:15  Stargate  
  75  8:16  Probe  
  74  8:28  Probe  
  74  8:33  Phoenix x2  
  79  8:40  Probe  
  80  8:52  Probe  
  81  8:58  Phoenix x2  
  85  9:04  Probe  
  86  9:20  Pylon  
  86  9:24  Phoenix  
  86  9:25  Phoenix x2  
  92  9:39  Probe  
  92  9:42  Assimilator  
  93  9:47  Probe  
  93  9:49  Phoenix  
  93  9:50  Assimilator, Phoenix x2  
  93  9:51  Probe  
  101  11:01  Pylon  
  101  11:02  Pylon  
  101  11:04  Pylon  
  101  11:06  Pylon x2  
  101  11:07  Pylon  
  101  11:19  Phoenix x3, Probe x2  
  109  11:31  Probe x2  
  109  11:43  Probe x2  
  109  11:44  Phoenix x3  
  107  11:56  Probe  
  75  12:09  Phoenix x3  
  64  12:34  Phoenix  
  64  12:36  Immortal  
  58  13:15  Void Ray x2  
  58  13:16  Void Ray  
  56  13:47  Robotics Bay  
  56  13:58  Void Ray x3  
  68  14:33  Colossus  
  74  14:41  Void Ray x3  
Show
View Real Time Build Order
Export as new Build Order

Asterisco Protoss 

Build Orders: Carriers 

Get SALT Encoding   

  12  0:07  Probe  
  13  0:20  Pylon  
  13  0:24  Assimilator  
  13  0:25  Probe (Chrono Boost)  
  15  0:36  Probe (Chrono Boost)  
  15  0:41  Probe (Chrono Boost)  
  16  0:51  Gateway  
  16  0:54  Probe  
  17  1:06  Assimilator, Probe (Chrono Boost)  
  18  1:16  Probe (Chrono Boost)  
  19  1:20  Gateway  
  19  1:21  Probe (Chrono Boost)  
  20  1:32  Probe  
  21  1:45  Probe  
  22  1:55  Pylon  
  22  1:57  Probe  
  22  1:59  Cybernetics Core  
  23  2:06  Pylon  
  23  2:13  Forge, Probe (Chrono Boost)  
  24  2:19  Zealot  
  26  2:24  Probe (Chrono Boost)  
  27  2:40  Robotics Facility, Probe  
  28  2:44  Zealot  
  30  2:55  Photon Cannon  
  30  3:00  Photon Cannon  
  30  3:10  Zealot  
  32  3:22  Pylon  
  32  3:25  Warp Gate (Chrono Boost)  
  32  3:27  Shield Battery  
  32  3:38  Immortal  
  36  3:44  Zealot  
  38  3:50  Zealot  
  38  3:52  Probe  
  41  4:03  Photon Cannon  
  41  4:17  Warp Prism  
  43  4:30  Sentry  
  45  4:33  Sentry  
  47  4:50  Pylon  
  47  5:02  Nexus  
  47  5:54  Assimilator  
  47  5:58  Assimilator  
  47  6:02  Pylon  
  47  6:07  Pylon  
  48  6:11  Probe  
  48  6:13  Immortal  
  52  6:23  Probe  
  53  6:35  Probe  
  54  6:56  Zealot  
  54  6:57  Zealot  
  44  7:17  Gateway  
  44  7:23  Probe  
  44  7:26  Pylon  
  45  7:35  Probe  
  46  7:41  Stargate  
  46  7:45  Stargate  
  46  7:48  Probe, Stargate  
  46  7:49  Stargate  
  47  7:53  Protoss Shields Level 1  
  47  8:00  Probe  
  47  8:01  Twilight Council  
  48  8:10  Protoss Air Weapons Level 1  
  48  8:12  Immortal, Photon Cannon, Probe  
  53  8:14  Photon Cannon  
  53  8:21  Photon Cannon  
  53  8:28  Probe (Chrono Boost)  
  54  8:39  Probe (Chrono Boost)  
  55  8:43  Fleet Beacon, Probe (Chrono Boost)  
  55  8:47  Blink  
  56  8:51  Stalker x3  
  62  9:11  Pylon  
  62  9:13  Pylon  
  62  9:15  Pylon  
  62  9:23  Probe (Chrono Boost)  
  63  9:33  Probe (Chrono Boost)  
  63  9:35  Carrier  
  63  9:38  Probe (Chrono Boost)  
  70  9:44  Carrier  
  77  9:49  Probe  
  78  10:01  Probe  
  79  10:13  Nexus  
  79  10:17  Tempest  
  84  10:24  Carrier  
  90  10:34  Pylon  
  90  10:39  Observer  
  91  11:11  Pylon  
  91  11:13  Shield Battery  
  91  11:16  Assimilator, Photon Cannon  
  91  11:20  Assimilator  
  91  11:22  Pylon  
  91  11:25  Shield Battery  
  91  11:29  Stalker x3  
  76  12:13  Probe  
  77  12:17  Carrier (Chrono Boost)  
  77  12:18  Carrier x3 (Chrono Boost)  
  101  12:25  Probe  
  81  12:37  Probe  
  82  12:49  Probe  
  82  12:51  Protoss Ground Weapons Level 1  
  58  13:12  Tempest (Chrono Boost)  
Show
View Real Time Build Order
Export as new Build Order

Mistica Zerg 

Build Orders: Pool First 

Get SALT Encoding   

  12  0:03  Drone  
  13  0:11  Drone  
  14  0:21  Overlord  
  14  0:27  Extractor  
  14  0:28  Drone  
  14  0:51  Spawning Pool  
  14  0:57  Drone x3  
  16  1:19  Overlord  
  16  1:23  Drone  
  17  1:43  Zergling x2  
  17  1:44  Zergling x2  
  17  1:45  Queen  
  21  1:47  Metabolic Boost  
  21  1:51  Zergling x2  
  22  2:10  Zergling x2  
  23  2:19  Zergling x2  
  24  2:26  Zergling x2  
  25  2:31  Lair  
  25  2:39  Zergling x2  
  25  2:44  Hatchery  
  25  2:48  Zergling x2  
  26  2:58  Zergling x4  
  27  2:59  Zergling x2  
  29  3:22  Drone  
  29  3:24  Overlord  
  29  3:25  Overlord  
  30  3:30  Extractor  
  29  3:48  Hydralisk Den  
  29  3:53  Drone x4  
  31  4:33  Hydralisk  
  31  4:34  Hydralisk x4  
  41  4:47  Drone x3  
  44  4:57  Spore Crawler  
  44  4:58  Spore Crawler  
  42  5:09  Hatchery  
  41  5:15  Evolution Chamber  
  41  5:17  Evolution Chamber  
  41  5:19  Drone  
  40  5:22  Evolution Chamber  
  40  5:24  Drone  
  40  5:26  Drone  
  40  5:52  Drone x3  
  40  5:55  Queen  
  45  6:14  Zerg Melee Weapons Level 1  
  45  6:16  Zerg Missile Weapons Level 1  
  45  6:19  Zerg Ground Armor Level 1  
  45  6:23  Drone  
  46  6:57  Drone x4  
  46  6:58  Drone x7  
  57  7:05  Overlord  
  57  7:08  Overseer  
  57  7:11  Overseer  
  57  7:23  Queen  
  57  7:28  Burrow  
  59  8:06  Lair  
  59  8:15  Infestation Pit  
  58  8:22  Hatchery, Lurker Den  
  58  8:26  Hydralisk x3  
  58  8:27  Hydralisk  
  64  8:36  Overlord x3  
  64  8:37  Extractor, Overlord x2  
  64  8:39  Extractor, Pneumatized Carapace  
  62  8:50  Zerg Melee Weapons Level 2  
  61  9:15  Drone x5  
  61  9:16  Drone  
  67  9:27  Hive  
  67  9:37  Drone  
  68  9:40  Queen  
  70  9:49  Overseer  
  70  10:16  Roach Warren  
  69  10:26  Nydus Network  
  68  10:29  Zerg Missile Weapons Level 2  
  68  10:33  Zerg Ground Armor Level 2  
  61  11:15  Swarm Host  
  59  12:09  Hydralisk  
  59  12:10  Hydralisk x6  
  59  12:11  Hydralisk x5  
  47  13:31  Zergling x6  
  47  13:32  Zergling x6  
  47  13:33  Spine Crawler  
  52  13:37  Spine Crawler  
  52  13:40  Spine Crawler  
  49  14:04  Drone  
  49  14:22  Hatchery  
  42  15:07  Grooved Spines  
  42  15:17  Hatchery  
  41  16:12  Adaptive Talons  
  41  16:15  Hydralisk  
  41  16:16  Hydralisk x2  
  47  16:20  Hydralisk  
  47  16:26  Lurker  
  47  16:30  Lurker  
Show
View Real Time Build Order
Export as new Build Order

MrFercho Zerg - Winner!

Build Orders: Pool First 

Get SALT Encoding   

  12  0:04  Drone  
  13  0:13  Overlord  
  13  0:17  Drone  
  14  0:37  Drone x2  
  16  0:58  Drone  
  16  1:00  Spawning Pool, Drone  
  17  1:25  Hatchery, Drone  
  16  1:26  Drone x2  
  19  1:33  Extractor  
  18  1:43  Overlord  
  18  1:52  Drone  
  19  2:06  Zergling x2  
  20  2:10  Zergling x2  
  21  2:24  Queen, Drone  
  24  2:33  Metabolic Boost  
  24  2:36  Zergling x2  
  25  2:50  Queen  
  27  2:53  Roach Warren  
  27  2:57  Drone x4  
  30  3:26  Overlord x2  
  30  3:35  Roach x3  
  36  4:11  Drone x5  
  36  4:12  Drone x4  
  45  4:19  Lair  
  45  4:29  Drone x4  
  49  4:34  Extractor  
  49  4:35  Extractor  
  47  4:42  Evolution Chamber  
  47  4:43  Evolution Chamber, Drone x2  
  47  4:52  Ravager x2  
  49  5:01  Overlord x2  
  49  5:03  Overlord  
  49  5:28  Roach x6  
  59  5:30  Overlord x2  
  59  5:34  Drone x3  
  59  5:35  Drone  
  65  5:59  Zerg Missile Weapons Level 1  
  65  6:22  Overlord  
  65  6:31  Drone x3  
  65  6:32  Drone x2  
  70  6:35  Pneumatized Carapace  
  70  6:38  Zerg Ground Armor Level 1  
  70  6:43  Glial Reconstitution  
  67  7:18  Drone  
  68  7:29  Overlord x2  
  68  7:45  Extractor  
  68  7:47  Spawning Pool  
  67  7:52  Hydralisk Den  
  67  7:57  Roach  
  67  7:58  Roach x10  
  88  8:10  Hatchery  
  87  8:13  Drone x2  
  87  8:14  Hatchery  
  87  8:15  Hatchery  
  87  8:20  Zerg Missile Weapons Level 2  
  87  8:37  Hatchery  
  86  8:47  Muscular Augments  
  86  8:49  Nydus Network  
  86  8:53  Zerg Ground Armor Level 2  
  85  9:24  Infestation Pit  
  85  9:28  Lurker Den  
  83  9:33  Overlord x3  
  83  9:36  Queen x5  
  93  9:43  Hydralisk x5  
  103  9:48  Drone  
  104  9:59  Grooved Spines  
  104  10:02  Drone x8  
  104  10:03  Drone x18  
  130  10:07  Extractor  
  130  10:08  Queen  
  130  10:09  Extractor  
  130  10:27  Roach  
  130  10:28  Roach x2  
  134  11:25  Spore Crawler  
  133  11:28  Spine Crawler  
  133  11:30  Spine Crawler x2  
  133  11:31  Spine Crawler  
  110  11:51  Hydralisk x16  
  110  11:52  Hydralisk x12  
  129  12:02  Drone x3  
  132  12:09  Spore Crawler  
  132  12:10  Spore Crawler  
  132  12:11  Spore Crawler  
  130  12:15  Zergling x4  
  130  12:16  Zergling x16  
  139  12:25  Hive  
  139  12:29  Spire  
  135  13:36  Overlord x5  
  135  13:41  Hydralisk x3  
  135  13:42  Hydralisk x3  
  135  13:48  Zerg Missile Weapons Level 3, Zerg Ground Armor Level 3  
  147  13:52  Seismic Spines  
  147  13:54  Greater Spire  
  147  13:55  Corruptor  
  147  13:56  Corruptor x4  
  147  13:58  Overlord x3  
  101  14:46  Hydralisk  
  101  14:47  Hydralisk x14  
  101  14:49  Adaptive Talons  
  122  15:06  Drone x5  
  121  15:17  Hatchery  
  110  15:49  Hydralisk  
  110  15:50  Hydralisk x9  
  126  16:07  Lurker x3  
  126  16:08  Lurker x4  
  133  16:38  Zergling x30  
Show
View Real Time Build Order
Export as new Build Order

tigro Terran - Winner!

Build Orders:  

Get SALT Encoding   

  12  0:15  SCV  
  12  0:20  Supply Depot  
  13  0:28  SCV  
  14  0:40  SCV  
  14  0:42  Supply Depot  
  15  0:52  Barracks  
  16  1:11  SCV  
  16  1:18  Refinery  
  16  1:23  SCV  
  17  1:35  SCV  
  18  1:47  SCV  
  18  1:49  Marine  
  20  1:59  Refinery  
  20  2:07  Marine, Engineering Bay  
  21  2:11  SCV  
  22  2:23  SCV  
  22  2:25  Marine  
  24  2:35  SCV  
  25  2:42  Marine  
  26  2:47  SCV  
  27  2:53  Factory  
  27  2:59  SCV  
  27  3:00  Marine  
  29  3:13  Command Center  
  29  3:20  Barracks Tech Lab  
  29  3:24  Terran Infantry Weapons Level 1  
  29  3:39  Factory Tech Lab  
  29  3:52  Combat Shield  
  29  4:06  Refinery  
  29  4:10  Orbital Command  
  29  4:25  Supply Depot, Siege Tank  
  29  4:28  Refinery  
  32  4:37  SCV  
  33  4:48  Supply Depot  
  33  4:49  SCV  
  34  4:57  Siege Tank  
  37  5:01  SCV  
  38  5:11  Supply Depot  
  38  5:13  SCV  
  39  5:19  Terran Infantry Armor Level 1  
  39  5:25  SCV  
  40  5:29  Siege Tank  
  43  6:01  Siege Tank  
  46  6:25  Missile Turret  
  46  6:26  Starport  
  46  6:41  SCV  
  46  6:45  Marine  
  47  6:49  Missile Turret  
  47  6:54  SCV  
  44  7:03  Marine  
  44  7:06  SCV  
  46  7:09  Missile Turret  
  46  7:18  SCV  
  46  7:21  Marine  
  48  7:25  Medivac  
  48  7:29  Missile Turret  
  50  7:30  SCV  
  51  7:38  Marine  
  52  7:53  Missile Turret  
  52  7:56  Marine  
  53  8:18  Missile Turret  
  53  8:24  Stimpack  
  53  8:26  Neosteel Armor  
  53  8:29  Marine  
  53  8:33  Starport Tech Lab  
  54  8:44  SCV, Missile Turret  
  54  8:47  Marine  
  56  8:50  SCV  
  57  8:56  SCV  
  57  8:57  Barracks  
  57  9:02  SCV  
  59  9:05  Marine  
  59  9:08  SCV  
  61  9:13  Missile Turret  
  61  9:14  SCV  
  62  9:23  Marine  
  63  9:26  SCV  
  63  9:31  Fusion Core  
  64  9:38  SCV  
  64  9:41  Marine  
  66  10:02  Barracks Reactor  
  66  10:04  Marine  
  66  10:06  Hi-Sec Auto Tracking  
  67  10:12  Medivac  
  69  10:20  Armory  
  69  10:22  Marine  
  70  10:40  Marine  
  71  10:48  Missile Turret  
  71  10:58  Marine  
  72  11:11  Missile Turret  
  72  11:15  Marine  
  73  11:32  Missile Turret  
  65  11:44  Medivac  
  66  12:14  Battlecruiser  
  69  12:18  Marine x3  
  65  12:36  Marine x3  
  67  12:51  Thor  
  70  12:54  Marine x3  
  72  13:11  Marine  
  72  13:12  Marine x2  
  75  13:18  Battlecruiser  
  81  13:29  Marine x3  
  82  13:37  Thor  
  79  13:47  Marine  
  80  14:07  Weapon Refit  
  80  14:10  Terran Vehicle Weapons Level 1  
  80  14:12  Terran Infantry Weapons Level 2  
  80  14:20  Thor  
  86  14:25  Command Center  
  86  14:31  Refinery  
  81  14:52  Battlecruiser  
  68  15:02  Thor  
  68  15:03  Marine  
  68  15:04  Marine x2  
  77  15:21  Marine x3  
  79  15:39  Marine x3  
  82  15:45  Thor  
  82  15:47  Rapid Reignition System  
  88  15:57  Marine x3, Battlecruiser  
  88  15:58  Refinery  
  88  15:59  SCV  
  92  16:11  SCV  
  92  16:15  Marine x3  
  96  16:24  SCV  
  97  16:28  Thor  
  103  16:32  Marine  
  103  16:33  Marine x2  
  103  16:36  SCV  
  107  16:48  SCV  
  107  16:50  Marine  
Show
View Real Time Build Order
Export as new Build Order

TATORREA Protoss - Winner!

Build Orders:  

Get SALT Encoding   

  12  0:04  Probe  
  13  0:16  Probe  
  14  0:26  Pylon  
  14  0:28  Probe  
  15  0:44  Probe  
  16  0:50  Gateway  
  16  0:56  Probe  
  17  1:03  Assimilator  
  17  1:07  Pylon  
  17  1:08  Probe  
  18  1:18  Gateway  
  18  1:20  Probe  
  19  1:30  Assimilator  
  20  1:32  Probe  
  20  1:45  Probe (Chrono Boost)  
  21  1:54  Cybernetics Core  
  21  1:57  Probe (Chrono Boost)  
  22  2:02  Probe (Chrono Boost)  
  23  2:15  Pylon  
  23  2:17  Forge  
  23  2:18  Probe  
  24  2:30  Stalker x2 (Chrono Boost)  
  28  2:37  Warp Gate  
  28  2:52  Adept x2  
  28  2:54  Protoss Ground Weapons Level 1 (Chrono Boost)  
  32  3:12  Gateway  
  32  3:14  Gateway  
  32  3:22  Stalker  
  32  3:25  Stalker  
  36  3:41  Pylon  
  35  3:54  Probe  
  36  4:07  Nexus  
  36  4:25  Probe (Chrono Boost)  
  37  4:36  Probe (Chrono Boost)  
  38  4:39  Stalker  
  38  4:40  Probe (Chrono Boost)  
  38  4:44  Stalker  
  43  4:46  Protoss Shields Level 1  
  43  4:47  Pylon  
  43  4:51  Stalker  
  45  5:04  Robotics Facility  
  45  5:05  Probe  
  46  5:18  Probe  
  47  5:26  Probe  
  48  5:30  Probe  
  49  5:38  Probe  
  49  5:42  Probe  
  51  5:54  Stalker  
  51  5:55  Stalker  
  51  5:56  Stalker  
  57  6:02  Immortal (Chrono Boost)  
  61  6:18  Probe x2  
  63  6:20  Gateway  
  63  6:22  Gateway  
  63  6:30  Probe x2  
  65  6:34  Immortal  
  65  6:35  Assimilator  
  65  6:38  Assimilator  
  69  6:41  Twilight Council  
  69  6:42  Probe  
  70  6:53  Pylon  
  70  6:57  Pylon  
  70  7:07  Pylon  
  70  7:12  Stalker x2  
  70  7:13  Stalker, Observer  
  77  7:16  Stalker  
  77  7:21  Protoss Ground Weapons Level 2  
  79  7:25  Charge  
  79  7:38  Probe x2  
  81  7:50  Probe  
  82  8:23  Stalker  
  82  8:24  Stalker x5  
  94  8:55  Pylon  
  94  9:12  Pylon  
  94  9:13  Immortal, Pylon  
  94  9:16  Nexus  
  98  9:41  Probe x2  
  98  9:45  Stalker x3, Protoss Shields Level 2  
  104  9:46  Stalker x2  
  104  9:50  Blink (Chrono Boost)  
  104  9:52  Immortal  
  114  9:53  Probe x2  
  116  10:05  Probe x2  
  118  10:27  Probe x2  
  118  10:28  Templar Archives  
  120  10:32  Gateway, Immortal  
  120  10:34  Gateway  
  124  10:38  Gateway  
  124  10:45  Pylon  
  124  10:49  Pylon  
  124  10:56  Stalker x2  
  128  10:57  Stalker x2  
  128  11:03  Pylon  
  132  11:17  Psionic Storm  
  132  11:19  High Templar  
  132  11:20  High Templar x3  
  132  11:22  Zealot  
  132  11:23  Zealot  
  144  11:28  Archon  
  144  11:29  Archon  
  120  12:22  Zealot x2  
  122  12:23  Zealot x5  
  122  12:24  Zealot x2  
  138  12:30  Assimilator  
  138  12:34  Assimilator  
  138  12:38  Nexus  
  138  12:40  Pylon  
  138  12:42  Pylon  
  138  12:44  Probe x3  
  127  12:55  Gateway  
  127  12:56  Probe x3  
  110  12:58  Gateway  
  110  13:02  Gateway  
  110  13:04  Gateway  
  96  13:07  Gateway  
  96  13:10  Gateway  
  86  13:17  Gateway  
  78  13:20  High Templar x4  
  78  13:21  High Templar x5  
  78  13:23  Gateway  
  78  13:24  Archon x2  
  78  13:25  Archon x2  
  76  13:36  Protoss Ground Weapons Level 3 (Chrono Boost)  
  74  13:46  Immortal  
  78  13:51  Assimilator  
  78  13:55  Stalker x3  
  81  13:56  Stalker, Assimilator  
  81  13:57  Zealot  
  81  13:58  Zealot x4  
  81  13:59  Zealot x2  
  99  14:07  Zealot  
  99  14:08  Zealot x3  
  107  14:14  Probe  
  107  14:15  Probe  
  109  14:19  Probe x2  
  111  14:27  Stalker x2, Probe x2  
  111  14:28  Stalker  
  111  14:30  High Templar  
  111  14:31  Probe, High Templar  
  123  14:32  Probe  
  123  14:33  High Templar  
  123  14:36  Archon  
  127  14:41  Zealot x2  
  127  14:42  Zealot x2  
  129  15:33  High Templar x3  
  129  15:34  High Templar x3  
  141  15:37  Archon x3  
  141  15:38  Archon  
  141  15:44  Probe x3  
  141  15:45  Probe  
  139  15:56  Probe x2  
  139  15:57  Probe x2  
  109  16:36  High Templar  
  109  16:37  High Templar x4  
  109  16:38  High Templar x2  
  123  16:41  Zealot x5  
  123  16:42  Zealot  
  123  16:43  Zealot x3  
  123  16:44  Zealot  
  123  16:45  Archon  
  123  16:46  Archon  
  143  16:47  Archon  
Tags
 
Add a new tag
Caveats
  • Supply blocks, unpowered buildings, or Contaminate may cause inaccurate times.
  • Supply counts are checked every 10 seconds.